[Event "January 9 Early 2024"]
[Site "https://www.chess.com"]
[Date "2024.01.11"]
[Round "4"]
[White "Kvaloy, Aksel Bu"]
[Black "Matlakov, Maxim"]
[Result "1-0"]
[Board "267"]
[TimeControl "180+1"]
[WhiteFideId "1528815"]
[BlackFideId "4168003"]
[WhiteElo "2745"]
[BlackElo "2935"]
[WhiteTeam "NOR"]
[BlackTeam "RUS"]
[WhiteClock "0:00:07"]
[BlackClock "0:00:04"]

1. d4 d5 2. Nf3 Nf6 3. Bf4 Bf5 4. e3 e6 5. Nbd2 Bd6 6. Ne5 h6 7. Be2 Nbd7 8. g4 Bh7 9. h4 Ne4 10. Nxe4 Bxe4 11. f3 Bxe5 12. Bxe5 Nxe5 13. fxe4 Nd7 14. e5 c5 15. c3 a6 16. Qc2 Rc8 17. Kd2 b5 18. Raf1 Qb6 19. a3 a5 20. g5 b4 21. g6 f5 22. Rf4 cxd4 23. exd4 O-O 24. Rb1 Rc7 25. Rf3 Rb8 26. Rff1 Rbc8 27. Rf3 Qxd4+ 28. cxd4 Rxc2+ 29. Kd1 Nb6 30. axb4 axb4 31. Rb3 R2c7 32. Rxb4 Nc4 33. Bxc4 Rxc4 34. Rxc4 Rxc4 35. b4 Kf8 36. Ke2 Ke7 37. b5 Kd8 38. Kd3 Kc7 39. Ra1 Kb6 40. Ra6+ Kxb5 41. Rxe6 Rc1 42. Rd6 Rh1 43. Rxd5+ Kc6 44. Rd6+ Kc7 45. Ra6 Rxh4 46. Ra7+ Kd8 47. Rxg7 Rh3+ 48. Kc4 Rg3 49. d5 f4 50. d6 f3 51. e6 Kc8 52. d7+ Kc7 53. Rg8 Rg4+ 54. Kc5 Rg5+ 55. Kc4 Rg4+ 56. Kc3 1-0

[Event "January 9 Early 2024"]
[Site "https://www.chess.com"]
[Date "2024.01.11"]
[Round "4"]
[White "Pranesh M"]
[Black "Mirzoev, Azer"]
[Result "1-0"]
[Board "268"]
[TimeControl "180+1"]
[WhiteFideId "35028600"]
[BlackFideId "13400304"]
[WhiteElo "2942"]
[BlackElo "2631"]
[WhiteTeam "IND"]
[BlackTeam "AZE"]
[WhiteClock "0:00:06"]
[BlackClock "0:00:02"]

1. e4 e6 2. d3 d5 3. Nd2 Nc6 4. Ne2 Nf6 5. c3 a5 6. g3 dxe4 7. Nxe4 Nxe4 8. dxe4 Qxd1+ 9. Kxd1 Bc5 10. f4 e5 11. f5 b6 12. Kc2 Bb7 13. Bg2 f6 14. Bd2 O-O-O 15. a4 Rd7 16. Rad1 Rhd8 17. Nc1 Ne7 18. g4 Bc6 19. b3 Kb8 20. Bf3 Nc8 21. Rhe1 h6 22. h4 Nd6 23. Nd3 Nc4 24. Bc1 Ba3 25. Nf2 Bxc1 26. Rxd7 Rxd7 27. Kxc1 Nd6 28. Rg1 Rd8 29. Kc2 Nb7 30. Nd3 Nd6 31. Re1 Bb7 32. Kd2 Ba6 33. c4 Nb7 34. Ke3 Nc5 35. Nxc5 bxc5 36. g5 hxg5 37. hxg5 Rd6 38. Rh1 Rb6 39. Bd1 fxg5 40. Rh8+ Kb7 41. Rg8 Rd6 42. Bg4 Rb6 43. Bd1 Rh6 44. Rxg7 Rh3+ 45. Kf2 Kb6 46. Rxg5 c6 47. f6 1-0

[Event "January 9 Early 2024"]
[Site "https://www.chess.com"]
[Date "2024.01.11"]
[Round "4"]
[White "Skvortsov, Andrei"]
[Black "Pourkashiyan, Atousa"]
[Result "1-0"]
[Board "269"]
[TimeControl "180+1"]
[WhiteFideId "24108600"]
[BlackFideId "12502014"]
[WhiteElo "2671"]
[BlackElo "2480"]
[WhiteTeam "MNE"]
[BlackTeam "USA"]
[WhiteClock "0:00:19"]
[BlackClock "0:00:03"]

1. e4 d6 2. Ne2 Nf6 3. Nbc3 g6 4. h3 Bg7 5. g4 c5 6. d4 cxd4 7. Nxd4 Nc6 8. Nb3 O-O 9. Bg2 Be6 10. Be3 Ne5 11. Nd4 Nc4 12. Nxe6 Nxe3 13. Nxd8 Nxd1 14. Nxd1 Rfxd8 15. Ne3 Bh6 16. Ke2 Rac8 17. c3 Nd7 18. Nd5 Kf8 19. h4 Ne5 20. g5 Bg7 21. Ne3 Nc4 22. Nxc4 Rxc4 23. Rhd1 Rc5 24. Rd3 b5 25. Rad1 Rb8 26. a3 a5 27. Rd5 Rc7 28. R1d2 Be5 29. Kd3 b4 30. axb4 axb4 31. c4 b3 32. Bf1 Rb4 33. Ke3 Ke8 34. Ra5 Rcb7 35. Bh3 Kf8 36. Bf1 Kg7 37. f4 Bc3 38. Rh2 R4b6 39. Rb5 Rxb5 40. cxb5 Bb4 41. Kd4 Bc5+ 42. Kc4 Be3 43. f5 gxf5 44. exf5 Bf4 45. Rh3 Be5 46. Rxb3 Rc7+ 47. Kd3 Rc1 48. Be2 d5 49. b6 e6 50. f6+ Kg6 51. b7 Bb8 52. Rc3 Rxc3+ 53. Kxc3 Kf5 54. Kd3 Kf4 55. Bh5 e5 56. Bxf7 e4+ 57. Ke2 d4 58. Bc4 d3+ 59. Bxd3 exd3+ 60. Kxd3 Ke5 61. f7 1-0

[Event "January 9 Early 2024"]
[Site "https://www.chess.com"]
[Date "2024.01.11"]
[Round "4"]
[White "Rangel, Daniel"]
[Black "Arabidze, Meri"]
[Result "0-1"]
[Board "270"]
[TimeControl "180+1"]
[WhiteFideId "2124475"]
[BlackFideId "13604040"]
[WhiteElo "2507"]
[BlackElo "2714"]
[WhiteTeam "BRA"]
[BlackTeam "GEO"]
[WhiteClock "0:00:04"]
[BlackClock "0:00:02"]

1. c4 e5 2. g3 Nc6 3. Bg2 f5 4. Nc3 Nf6 5. e3 Bb4 6. Nge2 O-O 7. Nd5 a5 8. O-O d6 9. d4 a4 10. Nxb4 Nxb4 11. Bd2 Nd3 12. Bc3 e4 13. d5 Nd7 14. Nf4 N7c5 15. Qd2 Nxf4 16. exf4 Nd3 17. Qe3 Bd7 18. f3 Re8 19. fxe4 fxe4 20. Qd4 Qf6 21. Qxf6 gxf6 22. Bxf6 e3 23. Bc3 e2 24. Rfb1 b5 25. cxb5 Rab8 26. Bf3 Rxb5 27. a3 Rc5 28. Kg2 Bb5 29. Re1 Nxe1+ 30. Rxe1 Bc4 31. Bb4 Rb5 32. Kf2 Bxd5 33. Bxe2 Rbb8 34. Bc3 Bf7 35. g4 Re4 36. Bd2 Rbe8 37. Bb5 Rxe1 38. Bxe1 Rb8 39. Bxa4 Rxb2+ 40. Kg3 Ra2 41. Bd7 Rxa3+ 42. Kh4 c5 43. Kg5 c4 44. h4 c3 45. Bf5 Bg6 46. Be6+ Bf7 47. Bf5 d5 48. Bf2 Ra2 49. Bd4 c2 50. h5 c1=Q 51. Bf6 Rf2 52. Kh6 Qxf4+ 53. Bg5 Qxf5 54. gxf5 Rxf5 55. Be7 Rxh5# 0-1

[Event "January 9 Early 2024"]
[Site "https://www.chess.com"]
[Date "2024.01.11"]
[Round "4"]
[White "Galchenko, Matvey"]
[Black "Grischuk, Alexander"]
[Result "1-0"]
[Board "271"]
[TimeControl "180+1"]
[WhiteFideId "24175480"]
[BlackFideId "4126025"]
[WhiteElo "2910"]
[BlackElo "3060"]
[WhiteTeam "FID"]
[BlackTeam "RUS"]
[WhiteClock "0:00:07"]
[BlackClock "0:00:04"]

1. e4 e5 2. Bc4 Nf6 3. d4 exd4 4. Nf3 d5 5. exd5 Bb4+ 6. c3 Qe7+ 7. Be2 dxc3 8. bxc3 Bc5 9. O-O O-O 10. c4 Bg4 11. Bb2 Re8 12. Bd3 Nbd7 13. Nbd2 Qd6 14. Qc2 Ba3 15. Bd4 Bc5 16. Bb2 Bh5 17. Rab1 b6 18. h3 Bg6 19. Rfe1 Qf4 20. Nb3 Bxd3 21. Qxd3 Ne4 22. Nxc5 Ndxc5 23. Qd4 f6 24. Re3 Qf5 25. Rbe1 Nd6 26. Ba3 Re4 27. Rxe4 Ncxe4 28. c5 bxc5 29. Bxc5 Nxc5 30. Qxc5 Qd7 31. Nd4 h6 32. Ne6 Ne8 33. Rb1 Qd6 34. Qxd6 Nxd6 35. Nxc7 Rc8 36. Ne6 a5 37. Rb6 Nf7 38. d6 Rc1+ 39. Kh2 Rd1 40. d7 g5 41. Rb8+ Kh7 42. d8=Q Nxd8 43. Rxd8 Re1 44. Nc5 Re2 45. a4 Rxf2 46. Ra8 f5 47. Rxa5 f4 48. Ne4 Re2 49. Nc3 Rc2 50. Ne4 f3 51. Kg3 fxg2 52. Kh2 Kg6 53. Ng3 h5 54. Ra6+ Kf7 55. Ne4 Ra2 56. Nxg5+ Ke7 57. Nf3 1-0

[Event "January 9 Early 2024"]
[Site "https://www.chess.com"]
[Date "2024.01.11"]
[Round "4"]
[White "Seo, Jung Min"]
[Black "Rakitin, Daniil"]
[Result "1/2-1/2"]
[Board "272"]
[TimeControl "180+1"]
[WhiteFideId "1734687"]
[BlackFideId "24219762"]
[WhiteElo "2858"]
[BlackElo "2676"]
[WhiteTeam "SWE"]
[BlackTeam "RUS"]
[WhiteClock "0:00:12"]
[BlackClock "0:00:05"]

1. e4 c5 2. Nf3 Nc6 3. Bb5 g6 4. Bxc6 dxc6 5. d3 Bg7 6. Nc3 Bg4 7. Be3 b6 8. h3 Bxf3 9. Qxf3 Nf6 10. O-O-O Qc7 11. Kb1 O-O-O 12. Qe2 Kb7 13. g4 Nd7 14. Bd2 Nf8 15. f4 Ne6 16. Qf2 Rd7 17. e5 Nd4 18. Ne4 f5 19. exf6 Bxf6 20. Bc1 Rhd8 21. Rde1 a5 22. h4 a4 23. a3 Nb5 24. Nxf6 exf6 25. Re6 Rd6 26. Rhe1 Rxe6 27. Rxe6 Rd6 28. Re8 Rd8 29. Re1 Qd7 30. Qg2 Re8 31. Re4 Nd6 32. Rxe8 Qxe8 33. Qg3 f5 34. g5 Qe2 35. h5 gxh5 36. g6 hxg6 37. Qxg6 Kc7 38. Qg7+ Kd8 39. Qf6+ Kd7 40. Qg7+ Qe7 41. Qh6 Qf7 42. Bd2 Nb5 43. Qh8 Qg6 44. Qb8 Qg1+ 45. Bc1 c4 46. dxc4 Nc7 47. Qh8 Qg6 48. Be3 c5 49. Bd2 Ne6 50. Qb8 Nc7 51. Qh8 Ne6 52. Ka2 Nd4 53. Bc3 Qe6 54. Qxh5 Qxc4+ 55. Kb1 Qf1+ 56. Ka2 Qc4+ 57. Kb1 Qf1+ 58. Ka2 Qc4+ 1/2-1/2

[Event "January 9 Early 2024"]
[Site "https://www.chess.com"]
[Date "2024.01.11"]
[Round "4"]
[White "Kuzubov, Yuriy"]
[Black "Przybylski, Wojciech"]
[Result "1-0"]
[Board "273"]
[TimeControl "180+1"]
[WhiteFideId "14112906"]
[BlackFideId "1117599"]
[WhiteElo "2856"]
[BlackElo "2554"]
[WhiteTeam "UKR"]
[BlackTeam "POL"]
[WhiteClock "0:00:01"]
[BlackClock "0:00:01"]

1. d4 Nf6 2. Nf3 e6 3. c4 d5 4. Nc3 c6 5. e3 Nbd7 6. Be2 dxc4 7. a4 Bd6 8. Nd2 O-O 9. Nxc4 Bc7 10. O-O e5 11. a5 exd4 12. exd4 Re8 13. Bg5 h6 14. Bh4 Nf8 15. d5 cxd5 16. Bxf6 Qxf6 17. Nxd5 Qd8 18. Bf3 Be6 19. a6 bxa6 20. Nxc7 Qxc7 21. Nd6 Red8 22. Bxa8 Rxa8 23. Ne4 Ng6 24. Qc1 Qb6 25. Ra3 Ne5 26. Rg3 Bd5 27. Nc3 Bc4 28. Rd1 Rb8 29. h3 Ng6 30. Nd5 Bxd5 31. Rxd5 Qxb2 32. Qxb2 Rxb2 33. Rd8+ Kh7 34. Rf3 Ne5 35. Re3 f6 36. Ra8 Rb1+ 37. Kh2 Rb2 38. f4 Ng6 39. Kg3 Rb4 40. Rf3 Rb7 41. Ra3 Rb4 42. Rf3 Rb7 43. f5 Ne7 44. Kh2 Rb5 45. g4 Rb7 46. Ra3 Rb2+ 47. Kg3 Nc6 48. Rxa6 Rb3+ 49. Kg2 Rb2+ 50. Kf1 Rb1+ 51. Kf2 Rb2+ 52. Ke3 Rb3+ 53. Kd2 Ne5 54. R8xa7 Rxh3 55. Rxf6 Rg3 56. Re6 Nf3+ 57. Kd1 Rxg4 58. f6 1-0

[Event "January 9 Early 2024"]
[Site "https://www.chess.com"]
[Date "2024.01.11"]
[Round "4"]
[White "Kruckenhauser, Arthur"]
[Black "Weetik, Vjacheslav"]
[Result "1/2-1/2"]
[Board "274"]
[TimeControl "180+1"]
[WhiteFideId "1642812"]
[BlackFideId "4153472"]
[WhiteElo "2562"]
[BlackElo "2759"]
[WhiteTeam "AUT"]
[BlackTeam "RUS"]
[WhiteClock "0:00:05"]
[BlackClock "0:00:02"]

1. d4 Nf6 2. Nf3 e6 3. c3 d5 4. Bg5 c5 5. e3 Be7 6. Nbd2 O-O 7. Bd3 b6 8. O-O Ba6 9. Bxa6 Nxa6 10. Ne5 Qc8 11. f4 Re8 12. Rf3 Ne4 13. Nxe4 dxe4 14. Rg3 f6 15. Bh6 Bf8 16. Qh5 Qb7 17. Bxg7 Bxg7 18. Rh3 fxe5 19. Qxh7+ Kf8 20. fxe5 Re7 21. Rf1+ Rf7 22. Rxf7+ Qxf7 23. Qxe4 Qe8 24. Qb7 Kg8 25. Qxa6 Qg6 26. Rf3 Rf8 27. Rxf8+ Bxf8 28. Qxa7 Qb1+ 29. Kf2 Qxb2+ 30. Kf3 Qxc3 31. Qxb6 Qc4 32. dxc5 Qd5+ 33. Kf4 Bxc5 34. Qb8+ Kg7 35. Qc7+ Kg6 36. Qc8 Qc4+ 37. Kf3 Qf1+ 38. Kg3 Qe1+ 39. Kg4 Qe2+ 40. Kh3 Qxe3+ 41. g3 Qxe5 42. Qg8+ Kh6 43. Qf8+ Kh7 44. Qf7+ Kh6 45. Qf4+ Qxf4 46. gxf4 Kg6 47. Kg4 Ba3 48. h4 Bc1 49. a4 Bd2 50. Kf3 Kf5 51. h5 Bxf4 52. a5 Bb8 53. a6 Kg5 54. Ke4 Kxh5 55. a7 Bxa7 56. Ke5 Bb6 57. Kxe6 1/2-1/2

[Event "January 9 Early 2024"]
[Site "https://www.chess.com"]
[Date "2024.01.11"]
[Round "4"]
[White "Shuvalov, Evgenij"]
[Black "Kobalia, Mikhail"]
[Result "0-1"]
[Board "275"]
[TimeControl "180+1"]
[WhiteFideId "4187237"]
[BlackFideId "4119150"]
[WhiteElo "2515"]
[BlackElo "2749"]
[WhiteTeam "FID"]
[BlackTeam "FID"]
[WhiteClock "0:00:02"]
[BlackClock "0:00:02"]

1. d4 f5 2. Nf3 Nf6 3. g3 g6 4. Bg2 Bg7 5. O-O O-O 6. c3 d6 7. Qb3+ Kh8 8. Ng5 d5 9. Nd2 c6 10. Ndf3 h6 11. Nh3 g5 12. Ne5 Qe8 13. f3 Nbd7 14. Nxd7 Qxd7 15. Nf2 b6 16. e4 Ba6 17. Re1 fxe4 18. fxe4 dxe4 19. Nxe4 Nd5 20. Bd2 Rf7 21. Qa4 Bb5 22. Qc2 Ba6 23. Qa4 Bd3 24. Nf2 Bb5 25. Qc2 Raf8 26. Ne4 Ba6 27. Bxg5 hxg5 28. Nxg5 Rf5 29. Bh3 e6 30. Nxe6 Rh5 31. Bg4 Rh6 32. Nxf8 Qxg4 33. Re8 Bxf8 34. Rxf8+ Kg7 35. Qf5 Qxf5 36. Rxf5 Re6 37. Rf2 Nf6 38. b3 Ng4 39. Rd2 Re3 40. c4 Bc8 41. Rf1 Nf6 42. d5 cxd5 43. cxd5 Bd7 44. d6 Ne4 45. Rd4 Re2 46. Rf4 Ng5 47. Rf2 Nh3+ 48. Kf1 Rxf2+ 49. Ke1 Rxa2 50. b4 Kf6 51. Re4 Kf5 52. Re7 Bb5 53. d7 Bxd7 54. Rxd7 Ke4 55. Rh7 Ng5 56. Re7+ Kd3 57. h4 Ne4 58. g4 Ra1# 0-1

[Event "January 9 Early 2024"]
[Site "https://www.chess.com"]
[Date "2024.01.11"]
[Round "4"]
[White "Shubenkova, Veronika"]
[Black "Durarbayli, Vasif"]
[Result "0-1"]
[Board "276"]
[TimeControl "180+1"]
[WhiteFideId "44124040"]
[BlackFideId "13402935"]
[WhiteElo "2579"]
[BlackElo "2800"]
[WhiteTeam "RUS"]
[BlackTeam "AZE"]
[WhiteClock "0:00:02"]
[BlackClock "0:00:08"]

1. d4 Nf6 2. e3 d5 3. f4 c5 4. Nf3 cxd4 5. exd4 Nc6 6. c3 Bf5 7. Bd3 e6 8. O-O Bd6 9. Ne5 O-O 10. Qe2 Qb6 11. Kh1 Rac8 12. Nd2 h6 13. Ndf3 Ne4 14. Nd7 Qc7 15. Nxf8 Rxf8 16. Ne5 Ne7 17. Be3 f6 18. Nf3 Bxf4 19. Bxf4 Qxf4 20. Bxe4 Bxe4 21. Nd2 Qh4 22. Nxe4 Qxe4 23. Qb5 Nf5 24. Rae1 Qh4 25. Kg1 Qg5 26. Rxe6 Ne3 27. Rf2 Ng4 28. Rfe2 Qc1+ 29. Re1 Qf4 30. Qxd5 Qxh2+ 31. Kf1 Kh8 32. Qf3 f5 33. Ke2 Qh5 34. Kd1 f4 35. Kc1 b5 36. R6e4 b4 37. Rxf4 Qg5 38. g3 bxc3 39. Kb1 c2+ 40. Kxc2 Nf6 41. Kb1 Qg6+ 42. Ka1 Qc2 43. Rb1 a5 44. d5 a4 45. d6 Qd2 46. Rd1 Qc2 47. d7 Rd8 48. Rxf6 gxf6 49. Qxf6+ Kh7 50. Qe7+ Kg6 51. Rd6+ Kf5 52. Rf6+ Kg4 53. Rf4+ Kh3 54. Qh4+ Kg2 55. Rf1 Kxf1 56. Qf6+ Kg1 57. Qb6+ Qf2 0-1

[Event "January 9 Early 2024"]
[Site "https://www.chess.com"]
[Date "2024.01.11"]
[Round "4"]
[White "Vachier-Lagrave, Maxime"]
[Black "Murzin, Volodar"]
[Result "0-1"]
[Board "277"]
[TimeControl "180+1"]
[WhiteFideId "623539"]
[BlackFideId "44155573"]
[WhiteElo "3166"]
[BlackElo "2952"]
[WhiteTeam "FRA"]
[BlackTeam "FID"]
[WhiteClock "0:00:02"]
[BlackClock "0:00:05"]

1. e4 e5 2. Nf3 Nc6 3. Bc4 Nf6 4. d3 Be7 5. O-O O-O 6. a4 d6 7. a5 Be6 8. Bxe6 fxe6 9. c3 Qd7 10. Re1 h6 11. Nbd2 Rf7 12. Nf1 Raf8 13. Be3 Ng4 14. h3 Nxe3 15. Nxe3 a6 16. b4 Na7 17. Ra2 Nb5 18. Rc2 Qd8 19. Ng4 Bg5 20. c4 Na7 21. d4 Rxf3 22. gxf3 h5 23. Nh2 exd4 24. Qxd4 Nc6 25. Qd1 Bf4 26. b5 Ne5 27. Rc3 Qh4 28. Ng4 hxg4 29. fxg4 Qf6 30. Qc2 Bg5 31. Rb1 Nf3+ 32. Kh1 Nd2 33. Rg1 Nxe4 34. Qxe4 Qxc3 35. Qxe6+ Kh8 36. Rg3 Qe5 37. Qxe5 dxe5 38. Kg2 Bd2 39. Ra3 Bb4 40. Ra2 Bc5 41. f3 Rf4 42. Re2 Rxc4 43. bxa6 bxa6 44. Rxe5 Bb4 45. Re6 Rc2+ 46. Kg3 Bd6+ 47. Kh4 Rc5 48. g5 Rxa5 49. Kh5 Kg8 50. Kg6 Bf8 51. h4 c5 52. h5 c4 53. h6 gxh6 54. gxh6 Rc5 55. Rxa6 c3 56. h7+ Kh8 57. Ra8 Rc6+ 58. Kf7 c2 0-1

[Event "January 9 Early 2024"]
[Site "https://www.chess.com"]
[Date "2024.01.11"]
[Round "4"]
[White "Banzea, Alexandru-Bogdan"]
[Black "Kovalev, Vladislav"]
[Result "0-1"]
[Board "278"]
[TimeControl "180+1"]
[WhiteFideId "1232622"]
[BlackFideId "13504398"]
[WhiteElo "2709"]
[BlackElo "2913"]
[WhiteTeam "ROU"]
[BlackTeam "FID"]
[WhiteClock "0:00:01"]
[BlackClock "0:00:03"]

1. d4 Nf6 2. Nc3 d5 3. Bf4 a6 4. e3 b5 5. a3 e6 6. b4 c6 7. Nf3 a5 8. Bd3 Nbd7 9. Bxb5 axb4 10. Bxc6 Ra6 11. Bxd7+ Bxd7 12. axb4 Bxb4 13. O-O Qa8 14. Rxa6 Qxa6 15. Qa1 Qxa1 16. Rxa1 Ke7 17. Ne2 Rc8 18. c3 Bxc3 19. Nxc3 Rxc3 20. Ne5 Be8 21. Ra7+ Kf8 22. f3 Nh5 23. Ra8 Nxf4 24. exf4 f6 25. Nd7+ Ke7 26. Nc5 e5 27. Ra7+ Kd6 28. fxe5+ fxe5 29. Nb7+ Kc7 30. Nc5+ Kd6 31. Nb7+ Kc6 32. Nd8+ Kb6 33. Rb7+ Ka6 34. Re7 Rc1+ 35. Kf2 Rc2+ 36. Kg3 exd4 37. Rxe8 d3 38. Re6+ Kb5 39. Rd6 Kc5 40. Rc6+ Kd4 41. Ne6+ Ke5 42. Ra6 d2 43. f4+ Ke4 44. Ra4+ Kd3 45. Rd4+ Ke3 46. Rxd5 Rc1 47. Rxd2 Kxd2 48. Nxg7 Ke3 49. Nf5+ Ke4 50. Nd6+ Kd5 51. Nf5 Ke6 52. Kg4 Rg1 53. Ne3 Kf6 54. Kf3 Ra1 55. g4 Ra3 56. h4 Rb3 57. Ke4 Ra3 58. Kf3 Ra1 0-1

[Event "January 9 Early 2024"]
[Site "https://www.chess.com"]
[Date "2024.01.11"]
[Round "4"]
[White "Matinian, Nikita"]
[Black "Smirnov, Mark"]
[Result "1-0"]
[Board "279"]
[TimeControl "180+1"]
[WhiteFideId "24129100"]
[BlackFideId "13764594"]
[WhiteElo "2722"]
[BlackElo "2534"]
[WhiteTeam "FID"]
[BlackTeam "KAZ"]
[WhiteClock "0:00:07"]
[BlackClock "0:00:02"]

1. e4 c5 2. Nf3 d6 3. d4 cxd4 4. Nxd4 Nf6 5. Nc3 Nc6 6. Bg5 e6 7. Qd3 Be7 8. f4 O-O 9. O-O-O e5 10. Nxc6 bxc6 11. fxe5 dxe5 12. Qxd8 Rxd8 13. Rxd8+ Bxd8 14. Bc4 Kf8 15. Rd1 Ke7 16. Na4 h6 17. Bh4 Bg4 18. Rd3 g5 19. Bg3 Bc7 20. Rb3 Rb8 21. Rxb8 Bxb8 22. Nc5 Bd6 23. Bf2 Bh5 24. Bd3 Bc7 25. a4 Bg6 26. b4 Kd8 27. a5 Bd6 28. Nb7+ Kc7 29. Nxd6 Kxd6 30. Bxa7 Bxe4 31. Bb8+ Kd7 32. a6 Bxg2 33. Bxe5 Ne8 34. a7 c5 35. bxc5 Nc7 36. Bf5+ Kd8 37. Bg7 h5 38. Bf6+ Ke8 39. Bxg5 Na6 40. Be3 Bc6 41. Kb2 Nb4 42. Kc3 Nd5+ 43. Kd4 Nc7 44. c4 Ne6+ 45. Ke5 Ke7 46. Bxe6 fxe6 47. Bg5+ Kd7 48. Kf6 Bf3 49. Kg6 Kc7 50. h4 Kd7 51. c6+ Bxc6 52. Kxh5 Ke8 53. Kg6 e5 54. h5 e4 55. h6 e3 56. Bxe3 Be4+ 57. Kf6 Kf8 58. h7 1-0

[Event "January 9 Early 2024"]
[Site "https://www.chess.com"]
[Date "2024.01.11"]
[Round "4"]
[White "Xie, Bryan"]
[Black "Mekhitarian, Krikor Sevag"]
[Result "0-1"]
[Board "280"]
[TimeControl "180+1"]
[WhiteFideId "30941296"]
[BlackFideId "2107660"]
[WhiteElo "2425"]
[BlackElo "2753"]
[WhiteTeam "USA"]
[BlackTeam "BRA"]
[WhiteClock "0:00:03"]
[BlackClock "0:00:04"]

1. e4 e6 2. d4 d5 3. e5 c5 4. c3 Nc6 5. Nf3 Bd7 6. Be2 cxd4 7. cxd4 Nge7 8. Nc3 Nf5 9. g4 Nh4 10. O-O h5 11. g5 Nf5 12. h4 g6 13. Be3 Rc8 14. Rc1 a6 15. Na4 Ncxd4 16. Nxd4 Nxe3 17. Rxc8 Nxd1 18. Rxd8+ Kxd8 19. Bxd1 b5 20. Nc3 Kc7 21. Be2 Kb6 22. Rc1 Bc5 23. Nb3 Be7 24. Kf1 Rc8 25. Nd1 Rb8 26. Ne3 a5 27. Nd4 Bc5 28. Nb3 Be7 29. f4 a4 30. Nd4 Bc5 31. Ndc2 b4 32. b3 Ra8 33. f5 gxf5 34. Bxh5 Rh8 35. Bxf7 Rxh4 36. Ke2 Rh3 37. g6 Rg3 38. Kf2 f4 39. Rg1 Rxg1 40. Kxg1 Bf8 41. Ng4 Bb5 42. Kf2 a3 43. Kf3 Bd3 44. Ne1 Bb1 45. Kxf4 Bxa2 46. Bxe6 Bxb3 47. Ne3 a2 48. N1c2 Bxc2 49. Nxc2 b3 50. Ne3 a1=Q 51. Nxd5+ Kc5 52. Nf6 Bh6+ 53. Kf5 Qf1+ 54. Kg4 Bg7 55. Nd7+ Kd4 56. Bf5 Bxe5 57. Kg5 Qf4+ 58. Kh5 Qxf5+ 59. Kh4 Bf6+ 60. Nxf6 Qxf6+ 61. Kh5 Qg7 62. Kg5 b2 0-1

[Event "January 9 Early 2024"]
[Site "https://www.chess.com"]
[Date "2024.01.11"]
[Round "4"]
[White "Hnatyshyn, Anastasiia"]
[Black "Chernyavsky, Alexander"]
[Result "1-0"]
[Board "281"]
[TimeControl "180+1"]
[WhiteFideId "14198339"]
[BlackFideId "24131156"]
[WhiteElo "2271"]
[BlackElo "2441"]
[WhiteTeam "UKR"]
[BlackTeam "RUS"]
[WhiteClock "0:00:08"]
[BlackClock "0:00:13"]

1. Nc3 d5 2. e4 d4 3. Nce2 c5 4. f4 Nc6 5. Nf3 e5 6. fxe5 Nge7 7. Ng3 Ng6 8. Bb5 Bd7 9. Bxc6 Bxc6 10. d3 Qc7 11. O-O Nxe5 12. Nxe5 Qxe5 13. Bf4 Qe6 14. Qf3 O-O-O 15. a4 f6 16. b3 Bd6 17. Bxd6 Rxd6 18. Qf5 Qxf5 19. Rxf5 b6 20. a5 Kb7 21. axb6 axb6 22. Nf1 Bd7 23. Rf2 Ra8 24. Rxa8 Kxa8 25. Nd2 b5 26. e5 fxe5 27. Ne4 Rc6 28. Rf7 Be6 29. Rxg7 c4 30. bxc4 bxc4 31. Rxh7 c3 32. Rh6 Ka7 33. h4 Kb6 34. h5 Bb3 35. Rxc6+ Kxc6 36. h6 Bg8 37. Nf6 e4 38. Nxe4 Bh7 39. Kf2 Kb5 40. Ke2 Ka4 41. Nf6 Bg6 42. h7 Bxh7 43. Nxh7 Ka3 44. Kd1 Kb2 45. g4 Kb1 46. g5 Ka1 47. g6 Kb1 48. g7 Ka1 49. g8=Q Kb1 50. Qb3+ Ka1 51. Qa3+ Kb1 52. Qc5 Ka1 53. Qxd4 Kb1 54. Qxc3 Ka2 55. Qa5+ Kb2 56. d4 Kb1 57. d5 Kb2 58. d6 Kb1 59. d7 Kb2 60. d8=Q Kb1 61. Qb8# 1-0

[Event "January 9 Early 2024"]
[Site "https://www.chess.com"]
[Date "2024.01.11"]
[Round "4"]
[White "Mirza, Diana"]
[Black "Coelho, Ramyres Santana"]
[Result "0-1"]
[Board "282"]
[TimeControl "180+1"]
[WhiteFideId "2503999"]
[BlackFideId "2120690"]
[WhiteElo "2004"]
[BlackElo "2292"]
[WhiteTeam "IRL"]
[BlackTeam "BRA"]
[WhiteClock "0:00:01"]
[BlackClock "0:00:06"]

1. e4 c5 2. Nf3 d6 3. d4 cxd4 4. Nxd4 Nf6 5. Nc3 a6 6. f3 e6 7. Be3 b5 8. a4 Bb7 9. axb5 axb5 10. Rxa8 Bxa8 11. Bxb5+ Nbd7 12. O-O Be7 13. Nc6 Bxc6 14. Bxc6 O-O 15. Qd2 Ne5 16. Bb5 Qc7 17. Qd4 Rc8 18. Qb6 Qxb6 19. Bxb6 d5 20. exd5 Nxd5 21. Nxd5 exd5 22. Bd4 Bc5 23. c3 Bxd4+ 24. cxd4 Nc4 25. Rc1 Kf8 26. b3 Nd6 27. Rxc8+ Nxc8 28. Kf2 Ke7 29. Ke3 Nd6 30. Bc6 Ke6 31. b4 Nf5+ 32. Kd3 Nh4 33. b5 Nxg2 34. b6 Nf4+ 35. Kc3 Kd6 36. Be8 f6 37. Kb4 Ne2 38. Ka5 Nxd4 39. Ka6 Ne6 40. Ka7 Nc5 41. b7 Nxb7 42. Kxb7 d4 43. Kb6 d3 44. Ba4 Ke5 45. Kc5 Kf4 46. Bd1 Ke3 47. Kc4 g5 48. Kc3 f5 49. h3 h5 50. Kb2 Kd2 51. Ba4 Ke2 52. Kc3 Kxf3 53. Kxd3 Kg3 54. Bd7 g4 55. hxg4 fxg4 56. Ke2 Kg2 57. Ke1 g3 58. Ke2 h4 59. Ke3 h3 0-1

[Event "January 9 Early 2024"]
[Site "https://www.chess.com"]
[Date "2024.01.11"]
[Round "4"]
[White "Tarnowska, Aleksandra"]
[Black "Ezat, Mohamed"]
[Result "1-0"]
[Board "283"]
[TimeControl "180+1"]
[WhiteFideId "1180967"]
[BlackFideId "10600906"]
[WhiteElo "2212"]
[BlackElo "2477"]
[WhiteTeam "POL"]
[BlackTeam "EGY"]
[WhiteClock "0:00:10"]
[BlackClock "0:00:06"]

1. e4 e5 2. Nf3 Nc6 3. Bb5 Nge7 4. O-O a6 5. Ba4 g6 6. c3 Bg7 7. d4 exd4 8. cxd4 b5 9. Bc2 O-O 10. Nc3 d5 11. e5 Bg4 12. Be3 Nf5 13. Bxf5 Bxf5 14. Ne2 Bg4 15. Ng3 f6 16. exf6 Qxf6 17. Rc1 Qd6 18. Qc2 Rf6 19. Ne5 Nxe5 20. dxe5 Qxe5 21. Qxc7 Qe6 22. Qb7 Rff8 23. Rc7 Qf6 24. Bd2 Rab8 25. Qxd5+ Be6 26. Qc6 Bc4 27. Bc3 Qxc6 28. Rxc6 Kh8 29. Rxa6 Bxc3 30. bxc3 Bxf1 31. Nxf1 b4 32. cxb4 Rxb4 33. f3 Rb2 34. h3 Rd8 35. Ne3 Rdd2 36. Re6 Re2 37. Re4 Rxa2 38. Kh2 Kg7 39. Kg3 Kf7 40. Rf4+ Kg7 41. Re4 h5 42. h4 Kh6 43. Kf4 Rf2 44. Kg3 Rfd2 45. Re6 Rd8 46. Nf5+ Kh7 47. Re7+ Kg8 48. Nh6+ Kf8 49. Rh7 Ke8 50. Rh8+ Kd7 51. Rh7+ Kc8 52. Rg7 Rd7 53. Rg8+ Kc7 54. Rxg6 Rdd2 55. Kh3 Rf2 56. Nf5 Ra4 57. Ng7 Kd7 58. Nxh5 Ke7 59. Rg4 Kf7 60. Rxa4 Rxg2 61. Kxg2 Kf8 62. Kg3 Kg8 63. Ra7 Kh8 64. Kf4 Kg8 65. Kf5 Kh8 66. Kf6 Kg8 67. Nf4 Kf8 68. Ra8# 1-0

[Event "January 9 Early 2024"]
[Site "https://www.chess.com"]
[Date "2024.01.11"]
[Round "4"]
[White "Djokic, Mihailo"]
[Black "Cruz, William Ferreira Da"]
[Result "1-0"]
[Board "284"]
[TimeControl "180+1"]
[WhiteFideId "976440"]
[BlackFideId "2118050"]
[WhiteElo "2663"]
[BlackElo "2324"]
[WhiteTeam "SRB"]
[BlackTeam "BRA"]
[WhiteClock "0:00:08"]
[BlackClock "0:00:07"]

1. d4 Nf6 2. Nf3 g6 3. g3 Bg7 4. Bg2 O-O 5. O-O d6 6. c4 Nbd7 7. Nc3 e5 8. e4 exd4 9. Nxd4 Re8 10. Re1 Nc5 11. b4 Ne6 12. Be3 Ng4 13. Qxg4 Nxd4 14. Qd1 Nf3+ 15. Qxf3 Bxc3 16. Bg5 Qxg5 17. Qxc3 Qe5 18. Qxe5 dxe5 19. Rad1 Be6 20. Bf1 Rad8 21. f3 Kf8 22. Kf2 Ke7 23. Ke3 b6 24. a3 Rxd1 25. Rxd1 Rd8 26. Rc1 h6 27. c5 h5 28. h4 Rc8 29. Ba6 Rd8 30. Bb5 Bd7 31. Ba6 Be6 32. f4 f6 33. cxb6 cxb6 34. Rc7+ Rd7 35. Rc8 Rd1 36. Ra8 Rd7 37. f5 gxf5 38. exf5 Bxf5 39. Bc8 Rd3+ 40. Ke2 Be4 41. Rxa7+ Kd8 42. Bb7 Rd4 43. Bxe4 Rxe4+ 44. Kf3 Rd4 45. b5 f5 46. a4 Rd3+ 47. Kf2 f4 48. gxf4 exf4 49. Rb7 Rd4 50. Rxb6 Rxa4 51. Rh6 Ra3 52. Rxh5 Kc7 53. Rf5 Rb3 54. h5 f3 55. h6 Rb2+ 56. Kxf3 Rh2 57. Rf7+ Kb6 58. h7 Kxb5 59. Kg4 Kc6 60. Kg5 Kd6 61. Rf6+ Ke7 62. Rh6 Rg2+ 63. Kf4 Rf2+ 64. Ke3 Rf8 65. h8=Q Rxh8 66. Rxh8 1-0